[Event "Live Chess"]
[Site "Chess.com"]
[Date "2023.05.21"]
[Round "-"]
[White "BostonStrangler"]
[Black "Doge_Dandolo"]
[Result "1-0"]
[WhiteElo "2064"]
[BlackElo "1921"]
[TimeControl "300"]
[EndTime "21:44:39 PDT"]
[Termination "BostonStrangler won by checkmate"]

1. Nf3 Nf6 2. b3 g6 3. Bb2 Bg7 4. e4 d6 5. e5 dxe5 6. Bxe5 O-O 7. Bc4 Nbd7 8. Bb2 c6 9. O-O a5 10. a4 Qc7 11. h3 Nb6 12. Bd3 Nbd5 13. Nc3 Nb4 14.
Be2 Bf5 15. Nd4 Bd7 16. Nf3 Bf5 17. Rc1 Rad8 18. d3 Rfe8 19. Re1 Qb8 20. Ba1 Nfd5 21. Nxd5 Nxd5 22. Bxg7 Kxg7 23. Qd2 Qc7 24. c4 Nb4 25. Qc3+ f6 26. Rcd1 e5 27. d4 exd4 28. Nxd4 Bc8 29. Bf3 Kf7 30. Nc2 Nxc2 31. Qxc2 Bf5 32. Qc1 Qb6 33. Qc3 Qc5 34. g4 Bc8 35. Kg2 h5 36. gxh5 gxh5 37. Qc2 Rg8+ 38. Kh1 Rxd1 39. Qh7+ Rg7 40.
Bxh5+ Kf8 41. Qh8+ Rg8 42. Qxf6# 1-0

[Event "Live Chess"]
[Site "Chess.com"]
[Date "2023.05.21"]
[Round "-"]
[White "matt1979"]
[Black "Hacker_2009"]
[Result "0-1"]
[WhiteElo "1503"]
[BlackElo "1919"]
[TimeControl "300"]
[EndTime "21:46:02 PDT"]
[Termination "Hacker_2009 won on time"]

1. f4 d5 2. e3 c5 3. Nf3 e6 4. b3 Nf6 5. Bb2 Be7 6. Ne5 O-O 7. d3 Nc6 8. Be2 Qc7 9. O-O b6 10. a3 Bb7 11. Qe1 Rfd8 12. Qg3 Rac8 13. Qh3 Bd6 14. Nxc6 Qxc6 15. Nd2 Be7 16. Bf3 Qd7 17. Be2 a6 18. Rf3 b5 19. Rg3 Kh8 20. Bf3 c4 21. d4 c3 22. Bc1 cxd2 23. Bxd2 Rxc2 24. Ba5 Rdc8 25. Rf1 Rc1 26. f5 Rxf1+ 27. Kxf1 Rc1+ 28. Kf2 Qc6 29. fxe6 Qc2+ 30. Be2 Ne4+ 31. Kf3 Ng5+ 32. Rxg5 Bxg5 33. exf7 Qe4+ 34. Kf2 Rc8 35. Bb4 Ra8 36. f8=Q+ Rxf8+ 37. Bxf8 Kg8 38. Bc5 Qe8 39. Bd3 h6 40. Qf5 Qxe3+ 41. Kf1 Qf4+ 42. Qxf4 Bxf4 43. g3 Bc1 44.
Ke2 Kf7 45. Kf3 Bg5 46. h4 Be7 47. Bxe7 Kxe7 48. Kg4 Bc8+ 49. Kh5 Kf6 50. b4 Bh3 51. Be2 Bg2 52. Bg4 Be4 53. Bc8 Bd3 54. Bxa6 Kf5 55.
a4 Ke4 56. axb5 Kxd4 57. Kg4 Kc3 58. Kf4 Kxb4 59. Ke5 Kc5 60. Ke6 d4 61. Bc8 Bxb5 0-1

[Event "Live Chess"]
[Site "Chess.com"]
[Date "2023.05.21"]
[Round "-"]
[White "BostonStrangler"]
[Black "Conradical12"]
[Result "1-0"]
[WhiteElo "2065"]
[BlackElo "1639"]
[TimeControl "300"]
[EndTime "21:46:12 PDT"]
[Termination "BostonStrangler won by resignation"]

1. Nf3 Nc6 2. d4 d5 3. c4 Nf6 4. Nc3 Bf5 5. cxd5 Nb4 6. Qa4+ c6 7. Qxb4 b6 8. dxc6 b5 9. Qxb5 a6 10. Qxf5 e6 11. Qd3 1-0

[Event "Live Chess"]
[Site "Chess.com"]
[Date "2023.05.21"]
[Round "-"]
[White "tpm07"]
[Black "Doge_Dandolo"]
[Result "0-1"]
[WhiteElo "1939"]
[BlackElo "1930"]
[TimeControl "300"]
[EndTime "21:47:14 PDT"]
[Termination "Doge_Dandolo won by resignation"]

1. e4 c6 2. d4 d5 3. Nc3 dxe4 4.
Nxe4 Bf5 5. Ng3 Bg6 6. N1e2 Nf6 7. Nf4 e5 8. Nxg6 hxg6 9. dxe5 Qa5+ 10. c3 Qxe5+ 11. Be2 Bc5 12. Bd2 Nbd7 13. Qc2 O-O-O 14. O-O-O Bxf2 15. Bf3 Nc5 16. Bf4 0-1

[Event "Live Chess"]
[Site "Chess.com"]
[Date "2023.05.21"]
[Round "-"]
[White "Fazer180"]
[Black "raminguy"]
[Result "0-1"]
[WhiteElo "1742"]
[BlackElo "1964"]
[TimeControl "300"]
[EndTime "21:47:44 PDT"]
[Termination "raminguy won by resignation"]

1. e4 e5 2. Nf3 Nc6 3. d4 exd4 4. Nxd4 Qf6 5. Be3 Bc5 6. c3 Nge7 7. Bc4 d6 8. Nb5 Bxe3 9. fxe3 Qh4+ 10. Kd2 Kd8 11.
Bd3 Qg5 12. Qe2 Ne5 13. g3 Bd7 14. N1a3 c5 15. Nxd6 Rf8 16. Nxb7+ Kc7 17. Nxc5 Bg4 18.
Qf2 Nf3+ 19. Kc2 Qxc5 20. Nb5+ Kb8 21. h3 Ne5 22. Qf4 Bd7 23. Na3 g5 24. Qxg5 Nxd3 25. Kxd3 Qxg5 0-1

[Event "Live Chess"]
[Site "Chess.com"]
[Date "2023.05.21"]
[Round "-"]
[White "Singapourfeuj"]
[Black "Rusty_Bridges"]
[Result "1-0"]
[WhiteElo "2184"]
[BlackElo "1431"]
[TimeControl "300"]
[EndTime "21:48:56 PDT"]
[Termination "Singapourfeuj won by resignation"]

1. d4 d5 2. c4 e6 3. Nf3 Nd7 4. Nc3 Bb4 5. cxd5 exd5 6. Qb3 Bxc3+ 7. bxc3 c6 8. Bg5 Ne7 9. e3 h6 10. Bh4 Qc7 11. Bd3 Ng6 12. Bg3 Qd8 13. h4 h5 14. c4 dxc4 15. Qxc4 Qe7 16. O-O Nb6 17. Qc2 Qf6 18. Ne5 Nxe5 19. dxe5 Qe7 20. e4 Be6 21. a4 Nd7 22. f4 Nc5 23. Be2 Qc7 24. f5 Bd7 25.
Qxc5 1-0

[Event "Live Chess"]
[Site "Chess.com"]
[Date "2023.05.21"]
[Round "-"]
[White "Conradical12"]
[Black "tpm07"]
[Result "0-1"]
[WhiteElo "1637"]
[BlackElo "1941"]
[TimeControl "300"]
[EndTime "21:49:16 PDT"]
[Termination "tpm07 won by resignation"]

1. e4 e5 2. f4 d5 3. fxe5 Qh4+ 4. Ke2 Qxe4+ 5. Kf2 Bc5+ 6. Kg3 Qxe5+ 7. Kf3 Qh5+ 8. Kf4 g5+ 9. Ke5 Qxd1 10. Be2 Qxc1 11.
Nf3 Qxb2+ 0-1

[Event "Live Chess"]
[Site "Chess.com"]
[Date "2023.05.21"]
[Round "-"]
[White "Hacker_2009"]
[Black "BostonStrangler"]
[Result "1-0"]
[WhiteElo "1930"]
[BlackElo "2054"]
[TimeControl "300"]
[EndTime "21:49:26 PDT"]
[Termination "Hacker_2009 won by resignation"]

1. d4 Nf6 2. Nf3 g6 3. c4 c5 4.
e3 Bg7 5. Nc3 O-O 6. Be2 cxd4 7.
Nxd4 d5 8. cxd5 Nxd5 9. Nxd5 Qxd5 10. Bf3 Qa5+ 11. Bd2 Qb6 12. Bc3 e5 13. Nb3 Be6 14. O-O Nc6 15. Rc1 Rfd8 16. Qc2 Rac8 17. Nd2 f5 18. e4 Nd4 19. Qd1 Bxa2 20. Bxd4 Rxd4 21.
Rxc8+ 1-0

[Event "Live Chess"]
[Site "Chess.com"]
[Date "2023.05.21"]
[Round "-"]
[White "LutherSullivan"]
[Black "smoggyrabbit"]
[Result "1-0"]
[WhiteElo "2193"]
[BlackElo "1741"]
[TimeControl "300"]
[EndTime "21:49:33 PDT"]
[Termination "LutherSullivan won by resignation"]

1. e4 e6 2. d4 d5 3. e5 c5 4. c3 Nc6 5. Nf3 Bd7 6. Be2 Nge7 7.
O-O Nf5 8. Na3 cxd4 9. cxd4 Be7 10. Nc2 O-O 11. Bd3 Rc8 12. g4 Nh4 13. Nxh4 Bxh4 14. g5 Bxg5 15. Qh5 h6 16. f4 Be7 17. Kh1 Qb6 18.
Rg1 Kh8 19. f5 Nxd4 20. Rxg7 Kxg7 21. Bxh6+ Kg8 22. Qg4+ 1-0

[Event "Live Chess"]
[Site "Chess.com"]
[Date "2023.05.21"]
[Round "-"]
[White "mirandaasilva"]
[Black "1PRK1"]
[Result "1-0"]
[WhiteElo "1681"]
[BlackElo "1378"]
[TimeControl "300"]
[EndTime "21:49:56 PDT"]
[Termination "mirandaasilva won by resignation"]

1. e3 d5 2. c4 e6 3. cxd5 exd5 4. b3 Nf6 5. Bb2 Be7 6. Nf3 O-O 7. Be2 c5 8. O-O Nc6 9. d4 b6 10. Nc3 Bb7 11.
Rc1 Rc8 12. dxc5 bxc5 13. Bb5 a6 14. Bxc6 Bxc6 15. Qd2 Qa5 16. Rfd1 Rfd8 17. Ne5 Bb7 18. Na4 Qxd2 19. Rxd2 Bd6 20. Rdc2 Bxe5 21. Bxe5 Nd7 22.
Bg3 Bc6 23. Nxc5 Nxc5 24. Rxc5 Bb7 25. Rxc8 Rxc8 26. Rxc8+ Bxc8 27. Kf1 f6 28. Ke2 Kf7 29. Kd3 Ke6 30. Kd4 Bd7 31. Bc7 Bb5 32. a4 Bf1 33. g3 g5 34. h4 h6 35. hxg5 hxg5 36. Bd8 Be2 37. b4 Bf1 38. Kc5 f5 39. Bxg5 Ke5 40. Bf4+ Ke4 41. b5 axb5 42. axb5 Bd3 43. b6 Ba6 44. Kc6 d4 1-0

[Event "Live Chess"]
[Site "Chess.com"]
[Date "2023.05.21"]
[Round "-"]
[White "Tushinskiy"]
[Black "Long1968"]
[Result "1-0"]
[WhiteElo "2212"]
[BlackElo "1059"]
[TimeControl "300"]
[EndTime "21:50:00 PDT"]
[Termination "Tushinskiy won on time"]

1. d4 e6 2. c3 c5 3. Nf3 cxd4 4. cxd4 d5 5. Nc3 a6 6. Bf4 b5 7. e3 Bb7 8. Bd3 Nc6 9. Rc1 Rc8 10. O-O Bd6 11. Bg3 Bxg3 12. hxg3 Nf6 13. a4 b4 14.
Ne2 a5 15. Nf4 O-O 16. Qe2 e5 17. dxe5 Ng4 18. e6 fxe6 19. Nxe6 Qf6 20. Nxf8 Rxf8 21. Nh4 Nce5 22. Rc7 Rf7 23. Rxf7 Qxf7 24. Bf5 h5 25.
Bxg4 Nxg4 26. Rd1 Qe6 27. Nf3 Qe4 28. Qd3 Qe6 29. Qb5 Bc6 30. Qb8+ Be8 31. Qd8 Ne5 32. Qxd5 Nxf3+ 33. gxf3 1-0

[Event "Live Chess"]
[Site "Chess.com"]
[Date "2023.05.21"]
[Round "-"]
[White "Rusty_Bridges"]
[Black "tpm07"]
[Result "0-1"]
[WhiteElo "1428"]
[BlackElo "1942"]
[TimeControl "300"]
[EndTime "21:51:09 PDT"]
[Termination "tpm07 won by resignation"]

1. e4 e5 2. f4 d5 3. exd5 exf4 4. Nf3 Nf6 5. Bc4 Bd6 6. O-O O-O 7. d4 c5 8. Ne5 cxd4 9. Qxd4 Qc7 10. Bxf4 Bc5 11.
Qxc5 0-1

[Event "Live Chess"]
[Site "Chess.com"]
[Date "2023.05.21"]
[Round "-"]
[White "raminguy"]
[Black "Nazarenko_vital"]
[Result "1-0"]
[WhiteElo "1966"]
[BlackElo "1597"]
[TimeControl "300"]
[EndTime "21:51:23 PDT"]
[Termination "raminguy won by checkmate"]

1. d4 Nf6 2. Nc3 e6 3. e4 c5 4. d5 exd5 5. e5 Ne4 6. Nxd5 Qa5+ 7. c3 Qd8 8. Nf3 h6 9. Bd3 Ng5 10. O-O Be7 11. Re1 O-O 12. Nxg5 Bxg5 13. Bxg5 hxg5 14.
Qh5 f6 15. Bh7+ Kh8 16. Bg6+ Kg8 17. Qh7# 1-0

[Event "Live Chess"]
[Site "Chess.com"]
[Date "2023.05.21"]
[Round "-"]
[White "chessfiction"]
[Black "KeithArkell"]
[Result "1/2-1/2"]
[WhiteElo "2365"]
[BlackElo "2556"]
[TimeControl "300"]
[EndTime "21:51:55 PDT"]
[Termination "Game drawn by agreement"]

1. e4 c6 2. d4 d5 3. e5 c5 4. dxc5 Nc6 5. Nf3 Bg4 6. Bb5 Qa5+ 7. Nc3 Bxf3 8. Qxf3 e6 9. b4 Qxb4 10. Rb1 Qxc5 11.
O-O Ne7 12. Na4 Qxc2 13. Ba3 Ng6 14. Rfc1 Qxa2 15. Rxc6 bxc6 16. Bxc6+ Kd8 17. Nc3 Qxa3 18. Bxa8 Bb4 19. Nxd5 Qxf3 20. gxf3 exd5 21. Rxb4 Ke7 22. Bxd5 Nxe5 23. f4 Nd7 24. Rb7 a5 25. Bxf7 Rf8 26.
Bc4 Rxf4 27. Bb5 Rd4 28. Ra7 Ke6 29. Bxd7+ Rxd7 30. Rxa5 Kf6 31. Kg2 Rd3 32. f3 g6 33.
Kg3 Rd1 34. Ra6+ Kg7 35. Ra7+ Kh6 36. Kg2 Rd2+ 37. Kg3 Rd5 38. Kg2 Rg5+ 39. Kf2 Rh5 40. Kg3 Rf5 41. h4 Rc5 42. Kg2 Rc1 43. Kg3 Rg1+ 44.
Kh3 Rc1 45. Kg3 Rc4 46. Kh3 Rc8 47. Kg3 Rg8 48. Kh3 Rg7 49. Ra6 Rf7 50. Kg4 Rg7 51. Rf6 Ra7 52. h5 Kg7 53. Rb6 Ra4+ 54. f4 gxh5+ 55.
Kg5 h4 56. Rb7+ Kg8 57. Rb8+ Kf7 58. Rb7+ 1/2-1/2

[Event "Live Chess"]
[Site "Chess.com"]
[Date "2023.05.21"]
[Round "-"]
[White "seabuck"]
[Black "Biranidun"]
[Result "0-1"]
[WhiteElo "1885"]
[BlackElo "2541"]
[TimeControl "300"]
[EndTime "21:52:14 PDT"]
[Termination "Biranidun won on time"]

1. d4 Nf6 2. c4 g6 3. Nc3 Bg7 4. e4 d6 5. Be2 O-O 6. Nf3 e5 7. O-O Nc6 8. dxe5 dxe5 9. Be3 Bg4 10. Qc2 Bxf3 11. Bxf3 Nd4 12. Bxd4 exd4 13. Nd5 Nd7 14. Be2 c6 15. Nb4 Re8 16. Rad1 a5 17.
Nd3 Rxe4 18. Bf3 Re7 19. Rfe1 Rxe1+ 20. Rxe1 Qf8 21. a3 Nc5 22. h3 Nxd3 23. Qxd3 Rd8 24. Re4 Qc5 25. g3 Bf6 26. Kg2 Kg7 27. h4 h5 28. Qd1 d3 29. b3 Qxa3 30. Bxh5 gxh5 31. Qxh5 Qb2 32. Rg4+ Kf8 33. Qh6+ Bg7 34. Qh5 Qe5 35.
Rg5 Qe4+ 36. f3 Qe2+ 37. Kh3 Qf1+ 38. Kg4 Rd4+ 39. Kf5 Qh3+ 40. Rg4 Rxg4 41. fxg4 Qf1+ 42. Ke4 Qe2+ 43. Kf4 Qf2+ 44. Ke4 d2 0-1

[Event "Live Chess"]
[Site "Chess.com"]
[Date "2023.05.21"]
[Round "-"]
[White "Singapourfeuj"]
[Black "Conradical12"]
[Result "1-0"]
[WhiteElo "2185"]
[BlackElo "1636"]
[TimeControl "300"]
[EndTime "21:52:23 PDT"]
[Termination "Singapourfeuj won by resignation"]

1. d4 d5 2. c4 c6 3. Nf3 Nf6 4. Nc3 Bf5 5. cxd5 cxd5 6. Qb3 Nbd7 7. e3 e6 8. Bb5 Bd6 9. O-O O-O 10. h3 Qb8 11.
Bd2 Be4 12. Nxe4 dxe4 13. Ne1 Bh2+ 14. Kh1 h5 15. f4 g6 16. Kxh2 Kg7 17. Bxd7 Nxd7 18. Bc3 f6 19. Rd1 g5 20. d5 Nc5 21.
Qc4 gxf4 22. exf4 e5 23. Qxc5 exf4 24. d6 f3 25. Qg5+ Kf7 26. Qxf6+ 1-0

[Event "Live Chess"]
[Site "Chess.com"]
[Date "2023.05.21"]
[Round "-"]
[White "Rusty_Bridges"]
[Black "chessfiction"]
[Result "0-1"]
[WhiteElo "1434"]
[BlackElo "2365"]
[TimeControl "300"]
[EndTime "21:54:50 PDT"]
[Termination "chessfiction won by resignation"]

1. e4 d5 2. exd5 c6 3. dxc6 e5 4. Nc3 Bc5 5. Ne4 Bb6 6. Nf3 Nxc6 7. Bb5 Bg4 8. h3 Bh5 9. d3 Qc7 10. Be3 O-O-O 11. Bxc6 Qxc6 12. Bxb6 Qxb6 13. g4 Bg6 14. Nxe5 Bxe4 15. Nxf7 Bxh1 16. Nxh8 Nf6 17. Nf7 Qe6+ 18. Kd2 0-1

[Event "Live Chess"]
[Site "Chess.com"]
[Date "2023.05.21"]
[Round "-"]
[White "smoggyrabbit"]
[Black "Hacker_2009"]
[Result "1-0"]
[WhiteElo "1753"]
[BlackElo "1918"]
[TimeControl "300"]
[EndTime "21:55:14 PDT"]
[Termination "smoggyrabbit won by resignation"]

1. d4 Nf6 2. Nf3 d5 3. e3 e6 4. Bd3 c5 5. b3 Nc6 6. Bb2 b6 7. O-O Bb7 8. Nbd2 Be7 9. Ne5 O-O 10. a3 Rc8 11. f4 Nxe5 12. fxe5 Ne4 13. Rf3 Nxd2 14.
Qxd2 c4 15. Be2 b5 16. Rg3 Qc7 17. e4 dxe4 18. Qh6 g6 19. Rh3 Bh4 20. Rxh4 Rfd8 21. Qxh7+ Kf8 22. Qh8+ Ke7 23. Qf6+ Kd7 24. Qxf7+ Kc6 25.
Qxe6+ 1-0

[Event "Live Chess"]
[Site "Chess.com"]
[Date "2023.05.21"]
[Round "-"]
[White "Nazarenko_vital"]
[Black "MaximKhimchenko"]
[Result "1-0"]
[WhiteElo "1600"]
[BlackElo "1344"]
[TimeControl "300"]
[EndTime "21:55:59 PDT"]
[Termination "Nazarenko_vital won - game abandoned"]

1. e4 e5 2. Nf3 Nc6 3. d4 exd4 4.
Nxd4 Bc5 5. Be3 Nxd4 6. Bxd4 Bxd4 7. Qxd4 Qf6 8. Qb4 Qb6 9. Qxb6 axb6 10. Nc3 Ne7 11.
O-O-O d6 12. f4 Be6 13. Bb5+ c6 14. Be2 O-O 15. f5 Bxa2 16. b3 Ra5 17. Rxd6 Rfa8 18. Rhd1 Rf8 19. Kb2 1-0

[Event "Live Chess"]
[Site "Chess.com"]
[Date "2023.05.21"]
[Round "-"]
[White "Ayush_prahlad_Gupta"]
[Black "KeithArkell"]
[Result "0-1"]
[WhiteElo "1768"]
[BlackElo "2556"]
[TimeControl "300"]
[EndTime "21:56:08 PDT"]
[Termination "KeithArkell won by resignation"]

1. e4 c6 2. c4 d5 3. cxd5 cxd5 4. exd5 Nf6 5. Nc3 Nxd5 6. Nxd5 Qxd5 7. Nf3 Nc6 8. Be2 Bg4 9. O-O e6 10. h3 Bxf3 11. Bxf3 Qd6 12. d3 Be7 13. b3 Bf6 14.
Rb1 O-O 15. Bb2 Bxb2 16. Rxb2 Rfd8 17. Be2 Nd4 18. Rd2 Rac8 19. Re1 g6 20. Qa1 Nc2 21. Qd1 Nxe1 22. Qxe1 Rc3 23. Rd1 Qd4 24. Qd2 b6 25.
Qg5 Rdc8 26. g3 Rc2 27. Re1 Qc3 28. Kf1 Rc1 29. Bd1 Qxd3+ 30. Kg2 Rxd1 31. Qh5 gxh5 0-1

[Event "Live Chess"]
[Site "Chess.com"]
[Date "2023.05.21"]
[Round "-"]
[White "Doge_Dandolo"]
[Black "ExIsambard"]
[Result "0-1"]
[WhiteElo "1922"]
[BlackElo "1919"]
[TimeControl "300"]
[EndTime "21:56:13 PDT"]
[Termination "ExIsambard won by resignation"]

1. Nf3 d5 2. c4 d4 3. b4 Nf6 4.
g3 d3 5. Bg2 dxe2 6. Qxe2 c6 7.
O-O e6 8. a3 Be7 9. Bb2 O-O 10.
Nc3 Nbd7 11. Rad1 b6 12. Ne5 Nxe5 13. Qxe5 Bb7 14. Ne4 Rb8 15. c5 bxc5 16. Nxc5 Bxc5 17. Qxc5 Nd5 18. Rfe1 Qb6 19. Qc2 Rbc8 20. Re4 c5 21. Rh4 h6 22. Bxd5 exd5 23. Qf5 cxb4 24. Qg4 Qg6 25. Qxb4 Qc2 26. Re1 Ba8 27. Rg4 g5 28. h4 Rc4 29. Qe7 Rxg4 30. Qe5 Qh7 31. hxg5 Rxg5 32. Qd4 h5 33. Re3 Bc6 34. Kf1 Bb5+ 35.
Ke1 Qb1+ 0-1

[Event "Live Chess"]
[Site "Chess.com"]
[Date "2023.05.21"]
[Round "-"]
[White "seabuck"]
[Black "Singapourfeuj"]
[Result "0-1"]
[WhiteElo "1882"]
[BlackElo "2187"]
[TimeControl "300"]
[EndTime "21:58:26 PDT"]
[Termination "Singapourfeuj won by resignation"]

1. Nf3 Nf6 2. c4 g6 3. Nc3 Bg7 4. g3 O-O 5. Bg2 d6 6. O-O a6 7.
d4 Nbd7 8. e4 e5 9. dxe5 dxe5 10. Be3 Qe7 11. Qc2 c6 12. Rfd1 Nc5 13. b4 Ne6 14. a3 Ng4 15. Bb6 a5 16. Bxa5 Nd4 17. Qc1 Nb3 18. Qb2 Nxa1 19. Qxa1 Be6 20. h3 Nf6 21. Bf1 Nd7 22. Bc7 Qf6 23. Kg2 Rfc8 24. Bd6 Bxh3+ 25. Kxh3 Qxf3 26. Be2 Qxf2 27. Rf1 Qe3 28.
Bg4 Rd8 29. Bc7 h5 30. Bxd7 Rxd7 31. Re1 Qf3 32. Rf1 Qg4+ 0-1

[Event "Live Chess"]
[Site "Chess.com"]
[Date "2023.05.21"]
[Round "-"]
[White "mirandaasilva"]
[Black "Outspanner"]
[Result "1-0"]
[WhiteElo "1687"]
[BlackElo "1561"]
[TimeControl "300"]
[EndTime "21:59:15 PDT"]
[Termination "mirandaasilva won by resignation"]

1. d4 d6 2. c3 Nd7 3. g3 e5 4. Bg2 Ngf6 5. e4 Be7 6. Qc2 O-O 7. Ne2 Re8 8. O-O Bf8 9. Nd2 c6 10. f4 exd4 11. cxd4 g6 12. Nc3 Bg7 13. e5 dxe5 14.
dxe5 Ng4 15. Nc4 f6 16. h3 Nh6 17. Nd6 fxe5 18. Nxe8 Qxe8 19. Re1 e4 20. Nxe4 Qf7 21. Ng5 Qf6 22. Qb3+ Kf8 1-0

[Event "Live Chess"]
[Site "Chess.com"]
[Date "2023.05.21"]
[Round "-"]
[White "Long1968"]
[Black "Biranidun"]
[Result "0-1"]
[WhiteElo "1055"]
[BlackElo "2541"]
[TimeControl "300"]
[EndTime "21:59:24 PDT"]
[Termination "Biranidun won on time"]

1. e4 c5 2. c3 Nf6 3. e5 Nd5 4.
d4 cxd4 5. cxd4 d6 6. exd6 Qxd6 7.
Nc3 Nc6 8. Nf3 Bg4 9. Be2 e6 10.
O-O Be7 11. Ne5 Bxe2 12. Nxe2 Nxe5 13. dxe5 Qxe5 14. Qa4+ Kf8 15. Re1 Bb4 16. Bf4 Qxb2 17. Rab1 Qa3 18. Qxa3 Bxa3 19. Rxb7 Bc5 20. Rc1 Bb6 21. Bc7 Bxc7 22. Rcxc7 Nxc7 0-1

[Event "Live Chess"]
[Site "Chess.com"]
[Date "2023.05.21"]
[Round "-"]
[White "1PRK1"]
[Black "Tushinskiy"]
[Result "0-1"]
[WhiteElo "1378"]
[BlackElo "2212"]
[TimeControl "300"]
[EndTime "21:59:34 PDT"]
[Termination "Tushinskiy won by checkmate"]

1. e4 e5 2. Nf3 d6 3. d4 Bg4 4.
dxe5 Nd7 5. exd6 Bxd6 6. Be2 Qe7 7. Nc3 Ngf6 8. Bg5 O-O-O 9. h3 Bh5 10. Nd4 Bg6 11. f3 Bg3+ 12. Kf1 h6 13. Be3 Ne5 14.
Qc1 h5 15. Ndb5 a6 16. Nd4 h4 17. Nb3 Nxe4 18. Nxe4 Bxe4 19. f4 Nc6 20. Nc5 f5 21. Nxe4 Qxe4 22. Bf3 Qc4+ 23. Be2 Qe6 24. Bf3 Rhe8 25.
Bxc6 Qxc6 26. c3 Qc4+ 27. Kg1 Qe2 28. Bd4 Rxd4 29. cxd4 Qf2# 0-1

[Event "Live Chess"]
[Site "Chess.com"]
[Date "2023.05.21"]
[Round "-"]
[White "LutherSullivan"]
[Black "BostonStrangler"]
[Result "0-1"]
[WhiteElo "2180"]
[BlackElo "2065"]
[TimeControl "300"]
[EndTime "21:59:44 PDT"]
[Termination "BostonStrangler won on time"]

1. d4 Nf6 2. Nf3 g6 3. Nbd2 Bg7 4. e4 d6 5. Bd3 O-O 6. O-O Nc6 7. c3 e5 8. Re1 Bg4 9. h3 Bd7 10. Nf1 Nh5 11. dxe5 Nxe5 12. Nxe5 dxe5 13. Be2 Nf4 14. Bxf4 exf4 15. Bc4 Bc6 16. Qf3 Qg5 17. Rad1 Rfd8 18. Nh2 h5 19. Bd5 Bxd5 20. Rxd5 Rxd5 21. exd5 Rd8 22. c4 Bxb2 23. Qb3 Bd4 24. Nf3 Qf6 25. Qxb7 Bb6 26. Re5 Bd4 27. Re4 Bb6 28. c5 Bxc5 29.
Qxc7 Bb6 30. Qe5 Kg7 31. Qxf6+ Kxf6 32. Rxf4+ Ke7 33. Re4+ Kd6 34. Re1 Kxd5 35. Rd1+ Ke6 36. Ng5+ Kf6 37. Ne4+ Ke5 38. Re1 Kd4 39. Kf1 f5 40.
Ng5 Kc3 41. Ne6 Rd2 42. Re2 Rd1+ 43. Re1 Rd2 44. Re2 Rxe2 45. Kxe2 Kb2 46. a4 Kb3 47.
Nf4 g5 48. Nxh5 Kxa4 49. Ng7 f4 50. Ne6 Kb3 51. Nxg5 a5 52. Ne4 a4 53. Nd2+ Kc3 54.
h4 Bxf2 55. h5 Be3 56. h6 f3+ 57. gxf3 Bxh6 58. Nb1+ Kb2 0-1

[Event "Live Chess"]
[Site "Chess.com"]
[Date "2023.05.21"]
[Round "-"]
[White "Shepherds_Pie"]
[Black "Conradical12"]
[Result "1-0"]
[WhiteElo "1915"]
[BlackElo "1633"]
[TimeControl "300"]
[EndTime "21:59:53 PDT"]
[Termination "Shepherds_Pie won by resignation"]

1. c4 c5 2. Nc3 Nc6 3. g3 g6 4.
Bg2 Bg7 5. a3 a5 6. Nf3 Nf6 7.
O-O d6 8. d4 Bf5 9. d5 Ne5 10.
Nxe5 dxe5 11. e4 Bd7 12. Qc2 Qc7 13. Rb1 O-O 14. Re1 Qc8 15. Bg5 Ng4 16. Bxe7 Re8 17. d6 Be6 18. Nd5 Bxd5 19. cxd5 c4 20. Rbc1 b5 21. h3 Nf6 22. a4 Qc5 23. axb5 Reb8 24.
Qxc4 Qxc4 25. Rxc4 Rxb5 26. Rec1 Rbb8 27. f4 exf4 28.
gxf4 Nh5 29. e5 Ng3 30. R1c2 Nf5 31. e6 Ne3 32. d7 Nxc2 33. Rxc2 Bd4+ 34. Kh2 Bb6 35.
d6 fxe6 36. Bxa8 Rxa8 37. Rc8+ 1-0

[Event "Live Chess"]
[Site "Chess.com"]
[Date "2023.05.21"]
[Round "-"]
[White "Hacker_2009"]
[Black "chessfiction"]
[Result "1-0"]
[WhiteElo "1933"]
[BlackElo "2350"]
[TimeControl "300"]
[EndTime "21:59:53 PDT"]
[Termination "Hacker_2009 won by resignation"]

1. d4 d5 2. Nf3 Nc6 3. e3 Bg4 4.
Be2 Qd6 5. c4 O-O-O 6. cxd5 Qxd5 7. Nc3 Qh5 8. O-O e5 9. d5 e4 10. Nd4 Ne5 11. Bxg4+ Nxg4 12. h3 f5 13. Nxf5 N8f6 14.
Ng3 Qh4 15. Nf5 Qg5 16. Ng3 Bd6 17. Ncxe4 Qh4 18. Nxd6+ Rxd6 19. Nf5 Qh5 20. Nxd6+ cxd6 21. Qf3 Ne5 22. Qxh5 Nxh5 23. Bd2 Nf6 24. Rac1+ Kd7 25. Bc3 Nxd5 26. Bxe5 dxe5 27. Rfd1 Ke6 28. Rc5 Nf6 29.
Rc7 g5 30. Rxb7 g4 31. hxg4 Nxg4 32. Rxa7 h5 33. Ra6+ Kf5 34. b4 h4 35. b5 h3 36.
gxh3 Rxh3 37. b6 Rh8 38. b7 Rb8 39. Rd7 Nf6 40. Rg7 Ne8 41. Ra8 1-0

[Event "Live Chess"]
[Site "Chess.com"]
[Date "2023.05.21"]
[Round "-"]
[White "ReeceHockton"]
[Black "Singapourfeuj"]
[Result "0-1"]
[WhiteElo "358"]
[BlackElo "2187"]
[TimeControl "300"]
[EndTime "22:00:19 PDT"]
[Termination "Singapourfeuj won by resignation"]

1. d4 Nf6 2. e3 g6 3. Nf3 Bg7 4. e4 d6 5. Bg5 Nxe4 6. Qd3 Nxg5 7. Be2 Nxf3+ 8. gxf3 c6 9. Qe4 Bf5 10. Qxe7+ Qxe7 11. d5 O-O 0-1

[Event "Live Chess"]
[Site "Chess.com"]
[Date "2023.05.21"]
[Round "-"]
[White "1PRK1"]
[Black "LutherSullivan"]
[Result "0-1"]
[WhiteElo "1378"]
[BlackElo "2180"]
[TimeControl "300"]
[EndTime "22:01:14 PDT"]
[Termination "LutherSullivan won by resignation"]

1. e4 c5 2. Nf3 Nc6 3. d4 cxd4 4. Nxd4 g6 5. Be3 Bg7 6. Nc3 Nf6 7. f3 O-O 8. Bc4 Qb6 9. Bb3 Nxe4 10. Nxc6 Qxe3+ 11. Qe2 Bxc3+ 12. Kf1 Nd2+ 13. Ke1 0-1

[Event "Live Chess"]
[Site "Chess.com"]
[Date "2023.05.21"]
[Round "-"]
[White "Biranidun"]
[Black "profpirate4"]
[Result "1-0"]
[WhiteElo "2541"]
[BlackElo "1066"]
[TimeControl "300"]
[EndTime "22:02:04 PDT"]
[Termination "Biranidun won by checkmate"]

1. e4 c5 2. Nf3 d6 3. d4 cxd4 4. Nxd4 Nf6 5. Nc3 a6 6. Be3 e5 7. Nb3 Be6 8. f3 Be7 9. Qd2 O-O 10. O-O-O Nbd7 11. g4 b5 12. g5 Nh5 13. Kb1 Rc8 14.
Nd5 Bxd5 15. exd5 Nf4 16. Bxf4 exf4 17. h4 Ne5 18. Nd4 h6 19. gxh6 gxh6 20. Qxf4 Ng6 21.
Qxh6 Qc7 22. Bd3 Qc5 23. Ne6 fxe6 24. Qxg6+ Kh8 25. Qh7# 1-0

[Event "Live Chess"]
[Site "Chess.com"]
[Date "2023.05.21"]
[Round "-"]
[White "tpm07"]
[Black "raminguy"]
[Result "0-1"]
[WhiteElo "1935"]
[BlackElo "1973"]
[TimeControl "300"]
[EndTime "22:02:07 PDT"]
[Termination "raminguy won on time"]

1. d4 d5 2. c4 e6 3. g3 a6 4. Bg2 Nf6 5. Nf3 dxc4 6. O-O b5 7.
Ne5 Ra7 8. a4 Bb7 9. axb5 Bxg2 10.
Kxg2 Qd5+ 11. f3 Qxb5 12. Nc3 Qb7 13. Nxc4 Be7 14. e4 O-O 15. Be3 Ra8 16. Na5 Qc8 17. Qa4 c5 18. Rfc1 cxd4 19. Bxd4 Qd8 20. Rd1 Qe8 21. Qc4 Qc8 22. Qe2 Nc6 23. Nxc6 Qxc6 24. Rdc1 Qb7 25. Na4 Rfd8 26. Bc3 Nh5 27. Kg1 Qa7+ 28.
Kh1 Qd7 29. Nb6 Qb7 30. Nxa8 Rxa8 31. Qc4 h6 32. Bd4 Bg5 33. Rc2 Rd8 34. Bc3 Rc8 35. Qxa6 Qd7 36. Qe2 Be7 37. Rd1 Qa4 38.
Rcd2 Kh7 39. f4 Nf6 40. e5 Nd5 41. Qd3+ g6 42. Qd4 Qa8 43. Kg1 Bc5 0-1

[Event "Live Chess"]
[Site "Chess.com"]
[Date "2023.05.21"]
[Round "-"]
[White "Singapourfeuj"]
[Black "Shepherds_Pie"]
[Result "1-0"]
[WhiteElo "2190"]
[BlackElo "1912"]
[TimeControl "300"]
[EndTime "22:02:57 PDT"]
[Termination "Singapourfeuj won by resignation"]

1. d4 d5 2. c4 e6 3. Nf3 Nf6 4. Nc3 c5 5. cxd5 Nxd5 6. e4 Nxc3 7. bxc3 cxd4 8. cxd4 Bb4+ 9. Bd2 Bxd2+ 10. Qxd2 O-O 11.
Bc4 Nd7 12. O-O b6 13. d5 exd5 14. Bxd5 Rb8 15. Rfd1 Bb7 16. Bxb7 Rxb7 17. Ne5 Qe7 18. Nxd7 Re8 19. e5 Kh8 20. Qd6 Qxd6 21. Rxd6 Rd8 22.
Rad1 Rc7 23. f4 f6 24. e6 1-0